 Dungeon Crawl Stone Soup version 0.27.1-4-g1640c2035a (webtiles) character file.

Game seed: 7765533234881926301

760 Crownlay the Skirmisher (level 7, -12/78 HPs)
             Began as an Ogre Berserker on Nov 5, 2021.
             Was a Believer of Trog.
             Killed from afar by a gargoyle (17 damage)
             ... with a stone arrow
             ... on level 5 of the Dungeon.
             The game lasted 00:07:42 (5330 turns).

Crownlay the Skirmisher (Ogre Berserker)            Turns: 5330, Time: 00:07:43

Health: -12/78     AC:  4    Str: 24    XL:     7   Next: 80%
Magic:  0/7        EV: 14    Int:  8    God:    Trog [**....]
Gold:   188        SH:  0    Dex:  8    Spells: 6/6 levels left

rFire    . . .     SeeInvis .   a - +0 mace
rCold    . . .     Faith    .   (no shield)
rNeg     . . .     Spirit   +   s - +1 robe {Will+}
rPois    .         Reflect  .   (helmet restricted)
rElec    .         Harm     .   (no cloak)
rCorr    .         Rampage  .   (gloves unavailable)
Will     +....                  (boots unavailable)
Stlth    +.........             v - amulet of guardian spirit
HPRegen  0.23/turn              i - +4 ring of evasion
MPRegen  0.10/turn              (no ring)

@: on berserk cooldown, slowed, very slow
A: large, unfitting armour, tough skin 1
a: Renounce Religion, Berserk, Trog's Hand


You were on level 5 of the Dungeon.
You worshipped Trog.
Trog was pleased with you.
You visited 1 branch of the dungeon, and saw 5 of its levels.

You collected 210 gold pieces.
You spent 22 gold pieces at shops.

Inventory:

Hand Weapons
 a - a +0 mace (weapon)
Missiles
 j - 6 boomerangs of dispersal (quivered)
Armour
 s - a +1 robe of willpower (worn)
Jewellery
 i - a +4 ring of evasion (left hand)
 v - an amulet of guardian spirit (around neck)
Scrolls
 c - a scroll of identify
 e - 2 scrolls of noise
 f - a scroll of fear {unknown}
 g - 2 scrolls of amnesia
 h - a scroll of magic mapping {unknown}
 k - a scroll of silence {unknown}
 m - a scroll of blinking {unknown}
 n - 2 scrolls of fog
 q - a scroll of immolation {unknown}
 w - 2 scrolls of teleportation
Potions
 b - 2 potions of curing {unknown}
 d - 3 potions of brilliance
 l - a potion of flight {unknown}
 o - a potion of experience {unknown}
 p - a potion of attraction {unknown}
 r - a potion of mutation {unknown}
 t - a potion of lignification {unknown}
 u - a potion of ambrosia {unknown}


   Skills:
 + Level 7.2 Fighting
 * Level 5.9 Maces & Flails
 + Level 3.6 Throwing
 - Level 2.6 Dodging


You had 6 spell levels left.
You didn't know any spells.
Your spell library was empty.

Dungeon Overview and Level Annotations

Branches:
Dungeon (5/15)             Temple (0/1) D:4

Altars:
Cheibriados
Dithmenos
Fedhas
Gozag
Kikubaaqudgha
Makhleb
Okawaru
Qazlal
Wu Jian
Xom

Shops:
D:1 (   D:2 ?


Innate Abilities, Weirdness & Mutations

You are too large for most types of armour.
You have tough skin. (AC +1)


Message History

The gargoyle is heavily damaged.
The gargoyle barely misses you.
You hit the gargoyle.
The gargoyle is heavily damaged.
The gargoyle hits you but does no damage.
You barely miss the gargoyle.
The gargoyle is heavily damaged.
You feel the effects of Trog's Hand fading.
You sock the gargoyle!
The gargoyle is almost destroyed.
The gargoyle closely misses you.
You barely miss the gargoyle.
The gargoyle is almost destroyed.
The gargoyle misses you.
You barely miss the gargoyle.
The gargoyle is almost destroyed.
The gargoyle hits you with a +0 mace!
You barely miss the gargoyle.
The gargoyle is almost destroyed.
You are no longer berserk.
You are exhausted.
You feel yourself slow down.
You hit the gargoyle but do no damage.
The gargoyle is almost destroyed.
The gargoyle misses you. The gargoyle hits you with a +0 mace!
You barely miss the gargoyle.
The gargoyle is almost destroyed.
Your skin stops crawling.
You feel less strong-willed.
The gargoyle hurls a stone arrow at you.
The stone arrow hits you!
* * * LOW HITPOINT WARNING * * *
The gargoyle barely misses you.
You hit the gargoyle but do no damage.
The gargoyle is almost destroyed.
The gargoyle hurls a stone arrow at you.
The stone arrow hits you!!
* * * LOW HITPOINT WARNING * * *
The gargoyle hurls a stone arrow at you.
The stone arrow hits you!
You die...

....................##.# .
.....................#.#
........)..........)...# #
.......................# ..
...............[..........#
.[...................##...
.............<..#.......
...##....<...#.)...##.#
.#.####.........@9....#
.#.##..........#####.##
........#......## ...
...#.##.#......<####....#
......)..............$....
........#....)....(.....#..
.....####.........##....# #
.##### #...>.###.......# .#
#.....# ###.


You could see a gargoyle.

Vanquished Creatures
  Sigmund (D:3)
  A water moccasin (D:3)
  A sky beast (D:5)
  A centaur (D:5)
  A scorpion (D:4)
  An orc priest (D:4)
  Jessica (D:3)
  Terence (D:3)
  An orc wizard (D:2)
  6 adders
  2 worms
  3 dart slugs
  13 orcs
  3 endoplasms
  A giant cockroach (D:4)
  6 goblins
  8 hobgoblins
  4 jackals (D:3)
  3 quokkas
  11 ball pythons
  7 bats
  5 frilled lizards
  9 kobolds
  10 rats
100 creatures vanquished.

Vanquished Creatures (others)
  4 fungi (D:3)
  7 plants (D:3)
11 creatures vanquished.

Grand Total: 111 creatures vanquished

Notes
Turn   | Place    | Note
-------+----------+-------------------------------------------
     0 | D:1      | Crownlay the Ogre Berserker began the quest for the Orb.
     0 | D:1      | Reached XP level 1. HP: 24/24 MP: 1/1
   251 | D:1      | Reached XP level 2. HP: 24/33 MP: 2/2
   535 | D:1      | Found Panumiby's Antique Weapon Shoppe.
  1022 | D:2      | Found Tashees's Magic Scroll Shoppe.
  1028 | D:2      | Bought a scroll of identify for 22 gold pieces
  1320 | D:2      | Found a burning altar of Makhleb.
  1328 | D:2      | Reached skill level 5 in Fighting
  1497 | D:2      | Reached XP level 3. HP: 42/42 MP: 3/3
  1702 | D:2      | Reached ** piety under Trog
  2004 | D:2      | Reached skill level 1 in Throwing
  2004 | D:2      | Reached XP level 4. HP: 48/50 MP: 4/4
  2221 | D:3      | Noticed Jessica
  2231 | D:3      | Killed Jessica
  2242 | D:3      | Reached XP level 5. HP: 40/58 MP: 5/5
  2438 | D:3      | Noticed Sigmund
  2453 | D:3      | Killed Sigmund
  2454 | D:3      | Reached skill level 6 in Fighting
  2454 | D:3      | Reached XP level 6. HP: 67/67 MP: 6/6
  2541 | D:3      | Found a stormy altar of Qazlal.
  2542 | D:3      | Found a blossoming altar of Fedhas.
  3058 | D:3      | Found a faded altar of an unknown god.
  3094 | D:3      | Noticed Terence
  3105 | D:3      | Killed Terence
  3157 | D:3      | Noticed a water moccasin
  3175 | D:3      | Killed a water moccasin
  3176 | D:3      | Reached skill level 5 in Maces & Flails
  3176 | D:3      | Reached XP level 7. HP: 73/76 MP: 7/7
  3618 | D:4      | Found an iron altar of Okawaru.
  3890 | D:4      | Found a staircase to the Ecumenical Temple.
  4024 | D:4      | Found an ancient bone altar of Kikubaaqudgha.
  4024 | D:4      | Found an ornate altar of the Wu Jian Council.
  4024 | D:4      | Found a snail-covered altar of Cheibriados.
  4024 | D:4      | Found a shimmering altar of Xom.
  4025 | D:4      | Found a shadowy altar of Dithmenos.
  4025 | D:4      | Found a burning altar of Makhleb.
  4115 | D:4      | Found an opulent altar of Gozag.
  4718 | D:5      | Entered Level 5 of the Dungeon
  4747 | D:5      | Reached skill level 7 in Fighting
  5302 | D:5      | Noticed a gargoyle
  5330 | D:5      | Killed from afar by a gargoyle

Illustrated notes

Levels and vault maps discovered:
D:1:      elethiomel_arrival_fortress_basement, layout_basic, serial_shops,
          shop_statue, kennysheep_boxes
D:2:      layout_loops_cross, serial_shops, shop_fountains, basic_altar,
          moated_statue
D:3:      layout_basic, grunt_temple_overflow_forces_of_nature,
          basic_ecumenical_altar, serial_bayou_pond_b, minmay_tree_intersection,
          uniq_terence, uniq_sigmund, uniq_jessica
D:4:      layout_basic, grunt_temple_overflow_open, kennysheep_little_box,
          minmay_temple_entry_antechambers, grunt_ministairs_10,
          grunt_tough_drop
D:5:      layout_rooms

Skill      XL: |  1  2  3  4  5  6  7 |
---------------+----------------------+-----
Maces & Flails | 3 4 5 |  5.9
Fighting       | 5 6 7 |  7.2
Throwing       | 1 2 3 |  3.6
Dodging        | |  2.6

Action                   |  1- 3 |  4- 6 |  7- 9 || total
-------------------------+-------+-------+-------++-------
Melee: Mace              |   121 |   114 |   179 ||   414
Invok: Trog's Hand       |     1 |     4 |     6 ||    11
       Berserk           |     1 |     3 |     3 ||     7
  Use: Scroll            |     1 |       |     4 ||     5
 Stab: Sleeping          |     1 |       |       ||     1
Armor: Animal skin       |    38 |    30 |     1 ||    69
       Robe              |       |       |    24 ||    24
Dodge: Dodged            |   110 |   107 |   138 ||   355
